[Event "*** Titled Tuesday Blitz"]
[Site "Chess.com"]
[Date "2021.03.30"]
[Round "1"]
[White "bilelou"]
[Black "lacafi"]
[Result "1-0"]
[WhiteElo "2530"]
[BlackElo "2200"]
[TimeControl "180+1"]
[EndTime "10:06:32 PDT"]
[Termination "bilelou won on time"]

1. d4 f5 2. Qd3 g6 3. h4 Bg7 4. h5 d5 5. Bf4 c6 6. Nf3 Nd7 7. Nbd2 Ngf6 8. h6 Bf8 9. O-O-O e6 10. Kb1 Be7 11. Ne5 Nxe5 12. Bxe5 O-O 13. f3 c5 14. dxc5 Bxc5 15. Nb3 Bb6 16. e3 Qe7 17. Be2 a6 18. c4 dxc4 19. Qxc4 Bd7 20. Bd6 Qf7 21. Bxf8 Rxf8 22.
Rd6 Bxe3 23. Rhd1 Bb5 24. Qc2 Bf4 25. Rd8 Nd5 26. Rxf8+ Qxf8 27. Bxb5 axb5 28. Qe2 Qf6 29. Qxb5 1-0

[Event "*** Titled Tuesday Blitz"]
[Site "Chess.com"]
[Date "2021.03.30"]
[Round "1"]
[White "Rital44"]
[Black "superchess02"]
[Result "0-1"]
[WhiteElo "2428"]
[BlackElo "2808"]
[TimeControl "180+1"]
[EndTime "10:06:34 PDT"]
[Termination "superchess02 won by resignation"]

1. e4 e5 2. Nf3 Nc6 3. Bc4 Bc5 4. O-O Nf6 5. d3 h6 6. c3 d6 7. a4 a5 8. Na3 O-O 9. Nc2 Bb6 10. Be3 Bxe3 11.
Nxe3 Ne7 12. Re1 c6 13. Qc2 Ng6 14. Rad1 Re8 15. d4 exd4 16. Rxd4 c5 17. Rdd1 Nxe4 18. Nd2 Nxd2 19. Rxd2 Be6 20. Red1 Qg5 21. Bxe6 Rxe6 22. Rxd6 Rae8 23. Rxe6 Rxe6 24. g3 Ne5 25. Rd5 Nf3+ 26. Kf1 Qe7 27. h4 g6 28. Qe2 Ne5 29. Kg2 h5 30. Nc4 Ng4 31. Qf3 Rf6 32. Qd3 Rxf2+ 33. Kg1 Qe1+ 0-1

[Event "*** Titled Tuesday Blitz"]
[Site "Chess.com"]
[Date "2021.03.30"]
[Round "1"]
[White "moro182"]
[Black "mapleaff"]
[Result "1-0"]
[WhiteElo "2721"]
[BlackElo "2391"]
[TimeControl "180+1"]
[EndTime "10:06:34 PDT"]
[Termination "moro182 won by resignation"]

1. d4 Nf6 2. c4 e6 3. Nc3 d5 4. cxd5 exd5 5. Bg5 c6 6. e3 Be7 7. Bd3 Nbd7 8. h3 g6 9. Nf3 Nf8 10. Bf4 Ne6 11. Be5 O-O 12. Qc2 Nd7 13. Bg3 Ng7 14. O-O-O b5 15. Kb1 a5 16. h4 Nf6 17. Be5 Bf5 18. Bxf5 Nxf5 19. h5 a4 20. hxg6 fxg6 21. Ng5 b4 22. Nxa4 Qa5 23. b3 h5 24. Qxc6 Ra6 25. Qc2 Ng4 26. Nh3 Nxe5 27. dxe5 Re6 28. Nf4 Rxe5 29. Nxg6 Bf6 30. Nxe5 Bxe5 31. Rxh5 Ng7 32.
Rxe5 1-0

[Event "*** Titled Tuesday Blitz"]
[Site "Chess.com"]
[Date "2021.03.30"]
[Round "1"]
[White "kuba2006"]
[Black "Iskusnyh"]
[Result "0-1"]
[WhiteElo "2340"]
[BlackElo "2637"]
[TimeControl "180+1"]
[EndTime "10:06:34 PDT"]
[Termination "Iskusnyh won by resignation"]

1. b3 d5 2. Bb2 Bf5 3. e3 e6 4.
Nf3 h6 5. Be2 Nf6 6. O-O Be7 7.
Ne5 O-O 8. d3 Nfd7 9. f4 Nxe5 10.
fxe5 c5 11. Nd2 Nc6 12. c4 Bg5 13. Rf3 d4 14. exd4 Nxd4 15. Rg3 Bf4 16. Nf3 Bxg3 17.
hxg3 Nxe2+ 18. Qxe2 Qxd3 19. Qf2 b6 20. Bc1 Qd1+ 21. Kh2 Rad8 22. Nh4 Qc2 23. Qf3 Rd3 24. Qh5 Rd1 25. Bxh6 Rxa1 26. Bxg7 Kxg7 27. Qg5+ Bg6 28. Qf6+ Kg8 29. g4 Qb1 30. Nf3 Qh1+ 31. Kg3 Rf1 32. Qf4 Rd8 0-1

[Event "*** Titled Tuesday Blitz"]
[Site "Chess.com"]
[Date "2021.03.30"]
[Round "1"]
[White "IwkooO"]
[Black "Piotrek1979"]
[Result "1-0"]
[WhiteElo "2621"]
[BlackElo "2323"]
[TimeControl "180+1"]
[EndTime "10:06:34 PDT"]
[Termination "IwkooO won by resignation"]

1. e4 e6 2. d4 d5 3. Nd2 a6 4.
Ngf3 c5 5. exd5 exd5 6. c3 c4 7. Be2 Nc6 8. O-O Bd6 9. Re1 Nge7 10. Nf1 O-O 11. Ng3 Nf5 12. b3 b5 13. a4 Nxg3 14. hxg3 Bf5 15. b4 h6 16. Bf4 Bxf4 17. gxf4 Qd6 18. Ne5 f6 19. Nxc6 Qxc6 20. Bg4 Qd7 21. Bf3 Rae8 22. axb5 axb5 23. Qd2 Bd3 24. g3 g6 25. Kg2 h5 26. Ra6 Kg7 27. Rea1 Rf7 28. Qa2 Be4 29. Bxe4 Rxe4 30. Ra7 Qf5 31. Rxf7+ Kxf7 32. Qa8 Re7 33. Ra7 Qe4+ 34. Kh2 Qc2 35. Qxd5+ Kg7 36.
Rxe7+ Kh6 37. Qf3 1-0

[Event "*** Titled Tuesday Blitz"]
[Site "Chess.com"]
[Date "2021.03.30"]
[Round "1"]
[White "Szparu"]
[Black "monikarozman"]
[Result "1-0"]
[WhiteElo "2580"]
[BlackElo "2278"]
[TimeControl "180+1"]
[EndTime "10:06:35 PDT"]
[Termination "Szparu won by resignation"]

1. e4 c5 2. Nf3 Nc6 3. Bb5 g6 4. O-O Bg7 5. c3 Nf6 6. Re1 O-O 7. h3 e5 8. d3 Re8 9. Nbd2 a6 10. Ba4 b5 11.
Bb3 d6 12. Nf1 Be6 13. Bc2 d5 14. Qe2 Qd6 15. Ng3 Rad8 16. Bg5 h6 17. Be3 d4 18. Bd2 c4 19. Red1 b4 20. Be1 Nd7 21. dxc4 bxc3 22.
bxc3 Qc5 23. cxd4 exd4 24. Bd3 Nb6 25. Rdc1 Nb4 26. Nd2 Nxd3 27. Qxd3 Rc8 28. Nb3 Qc7 29. Ba5 Red8 30. c5 Bxb3 31. axb3 1-0

[Event "*** Titled Tuesday Blitz"]
[Site "Chess.com"]
[Date "2021.03.30"]
[Round "1"]
[White "losersgame"]
[Black "AlexPapasimakopoulos"]
[Result "0-1"]
[WhiteElo "2327"]
[BlackElo "2621"]
[TimeControl "180+1"]
[EndTime "10:06:36 PDT"]
[Termination "AlexPapasimakopoulos won by resignation"]

1. d4 e6 2. e4 d5 3. Nd2 Nf6 4. e5 Nfd7 5. f4 c5 6. c3 Nc6 7. Ndf3 cxd4 8. cxd4 a5 9. Bd3 a4 10. Ne2 a3 11. b3 Nb4 12. O-O g6 13. Be3 Nxd3 14.
Qxd3 Nb8 15. g4 h5 16. h3 Nc6 17. Ng3 hxg4 18. hxg4 Be7 19. Kg2 Nb4 20. Qd2 Bd7 21.
Rh1 Rg8 22. Rh7 Qb6 23. Ng5 Bxg5 24. fxg5 Rc8 25. Rc1 Rc6 26. Qf2 Rf8 27. Rc5 Nd3 28.
Rxc6 Bxc6 29. Qd2 Bb5 30. Ne2 Qc6 31. Nc3 Ba6 32. Bg1 Nxe5 33. dxe5 d4+ 34. Kg3 dxc3 35.
Qd4 c2 36. Be3 Be2 37. Rh1 Qxh1 0-1

[Event "*** Titled Tuesday Blitz"]
[Site "Chess.com"]
[Date "2021.03.30"]
[Round "1"]
[White "Das_Virus_2020"]
[Black "Bigfish1995"]
[Result "0-1"]
[WhiteElo "2472"]
[BlackElo "3021"]
[TimeControl "180+1"]
[EndTime "10:06:38 PDT"]
[Termination "Bigfish1995 won on time"]

1. e4 Nc6 2. Nc3 e5 3. g3 g6 4.
Bg2 Bg7 5. Nge2 d6 6. O-O h5 7.
h3 h4 8. g4 g5 9. Nd5 Nge7 10.
c4 Ng6 11. d3 Be6 12. Ne3 Nf4 13. Nf5 Bf6 14. Be3 Qd7 15. Bxf4 exf4 16. Qd2 Ne5 17.
Ned4 c5 18. Nf3 Nc6 19. Rac1 Kf8 20. b3 a6 21. d4 Bxf5 22. exf5 cxd4 23. a3 Kg7 24. b4 Rhe8 25. b5 axb5 26. cxb5 Na5 27. Nxd4 d5 28. Rc5 Nc4 29. Qc3 Rxa3 0-1

[Event "*** Titled Tuesday Blitz"]
[Site "Chess.com"]
[Date "2021.03.30"]
[Round "1"]
[White "XDPS"]
[Black "ChainsOfFantasia"]
[Result "1-0"]
[WhiteElo "2796"]
[BlackElo "2419"]
[TimeControl "180+1"]
[EndTime "10:06:39 PDT"]
[Termination "XDPS won by resignation"]

1. d4 Nf6 2. Nf3 d5 3. Bf4 c5 4. e3 Nc6 5. Nbd2 cxd4 6. exd4 Bf5 7. c3 e6 8. Qb3 Bd6 9. Bxd6 Qxd6 10. Qxb7 O-O 11.
Qa6 Rab8 12. b3 Rfc8 13. Be2 Qc7 14. O-O Ne4 15. Nxe4 Bxe4 16. Qa4 h6 17. Rac1 Ne7 18. Ne5 f6 19. Nd7 Ra8 20. Nc5 Bf5 21. Rfe1 Ng6 22.
g3 e5 23. Ba6 Re8 24. Bb7 Rad8 25. Bxd5+ Kh7 26. Qc6 Qa5 27. Nb7 Qxa2 28. Nxd8 Rxd8 29.
Be4 Bxe4 30. Qxe4 Qxb3 31. dxe5 fxe5 32. Ra1 Qxc3 33. Ra6 Qd3 34. Rxa7 Qxe4 35. Rxe4 Rd6 36. h4 h5 37. Rf7 Kh6 38. Kg2 Rc6 39. Rb7 Re6 40.
Reb4 Ne7 41. R7b6 Rxb6 42. Rxb6+ Kh7 43. Re6 Ng6 44. Kf3 Nf8 45. Rxe5 Kg6 46. Ra5 Nd7 47.
Kf4 Nf6 48. f3 Kf7 49. Kg5 1-0

[Event "*** Titled Tuesday Blitz"]
[Site "Chess.com"]
[Date "2021.03.30"]
[Round "1"]
[White "dpruess"]
[Black "BursaBBSatranc"]
[Result "1-0"]
[WhiteElo "2338"]
[BlackElo "2603"]
[TimeControl "180+1"]
[EndTime "10:06:39 PDT"]
[Termination "dpruess won by resignation"]

1. e4 e5 2. f4 exf4 3. Nf3 g5 4. d4 g4 5. Bxf4 gxf3 6. Qxf3 d5 7.
Nc3 Nf6 8. Bg5 Be7 9. e5 Ne4 10. Bxe7 Qxe7 11. Nxd5 Ng5 12. Qc3 Qd8 13. Nxc7+ Kf8 14.
Nxa8 Nc6 15. O-O-O Bg4 16. Re1 Qxa8 17. d5 Ne7 18.
Bc4 b5 19. Bb3 Rg8 20. Rhf1 Bh5 21. d6 Nc8 22. Qc5 Kg7 23. d7 Nb6 24. Qe7 Rf8 25. Qxg5+ Bg6 26. e6 Nxd7 27. exd7 Rd8 28. Qf6+ Kg8 29. Qxd8+ Qxd8 30. Re8+ 1-0

[Event "*** Titled Tuesday Blitz"]
[Site "Chess.com"]
[Date "2021.03.30"]
[Round "1"]
[White "Andrii_Prydun"]
[Black "Artyom_ChessMate"]
[Result "0-1"]
[WhiteElo "2250"]
[BlackElo "2554"]
[TimeControl "180+1"]
[EndTime "10:06:39 PDT"]
[Termination "Artyom_ChessMate won by resignation"]

1. d4 d5 2. Nc3 Nf6 3. Bf4 c5 4. e3 cxd4 5. exd4 a6 6. Bd3 Nc6 7. Nce2 Bg4 8. f3 Bh5 9. c3 e6 10. Qd2 Bd6 11. O-O-O Bg6 12. Nh3 Rc8 13. Bxg6 hxg6 14. Ng5 Qe7 15. Kb1 Bxf4 16. Nxf4 Nh5 17. Ngxe6 fxe6 18. Nxg6 Qf6 19. Nxh8 Kd7 20. Rde1 Rxh8 21.
Re3 Re8 22. g3 g6 23. Rhe1 Ng7 24. R1e2 Nf5 25. Rd3 Nd6 26. b3 g5 27. Kb2 Na5 28. Qc2 Nc6 29. Qd2 b5 30. Qe3 Nf5 31. Qd2 Rc8 32. a3 Na5 33. Qd1 Nd6 34.
Rde3 Re8 35. Qe1 Nf5 36. Rd3 Nc6 37. Rdd2 a5 38. Rd3 Rb8 39. Rdd2 b4 40. axb4 axb4 41. c4 Nfxd4 42. Rf2 Nxf3+ 43. Kb1 Ra8 44. Ra2 Qf5+ 0-1

[Event "*** Titled Tuesday Blitz"]
[Site "Chess.com"]
[Date "2021.03.30"]
[Round "1"]
[White "SaqoChess_Twitch"]
[Black "JiiHart"]
[Result "1-0"]
[WhiteElo "2496"]
[BlackElo "2040"]
[TimeControl "180+1"]
[EndTime "10:06:40 PDT"]
[Termination "SaqoChess_Twitch won on time"]

1. d4 Nf6 2. e3 e6 3. Nf3 c5 4. Be2 Be7 5. O-O b6 6. b3 Bb7 7. Bb2 d6 8. Nbd2 Nbd7 9. c4 O-O 10. Qc2 Rc8 11. Rfd1 d5 12. Rac1 dxc4 13. Nxc4 b5 14. Nce5 cxd4 15. Qd2 Nxe5 16. Nxe5 Rxc1 17. Qxc1 Qd5 18.
Bf3 Qxe5 19. Bxb7 Qb8 20. Bf3 Rc8 21. Qd2 dxe3 22. Qxe3 Rc2 23. Be5 Qb6 24. Bd4 Bc5 25. Qd3 Rxa2 26. Rc1 1-0

[Event "*** Titled Tuesday Blitz"]
[Site "Chess.com"]
[Date "2021.03.30"]
[Round "1"]
[White "jefferyx"]
[Black "DrVitman"]
[Result "0-1"]
[WhiteElo "2977"]
[BlackElo "2534"]
[TimeControl "180+1"]
[EndTime "10:06:41 PDT"]
[Termination "DrVitman won by resignation"]

1. d4 Nf6 2. c4 g6 3. f3 Nh5 4. Nh3 Bg7 5. Nc3 d6 6. Nf2 e5 7. dxe5 Bxe5 8. Bh6 Bxc3+ 9. bxc3 Qe7 10. g4 Nf6 11. h4 Nc6 12. Bg2 Be6 13. Qa4 Nd7 14.
Ne4 O-O-O 15. Rb1 f5 16. Bg5 Qg7 17. Qb5 Nb6 18. Bf6 Qf7 19. Bxh8 fxe4 20. Bd4 Bxc4 21. Qg5 Nxd4 22. cxd4 Bxe2 23. fxe4 Qxa2 24. Rc1 Nc4 25. Rh3 Re8 26. Rhc3 Bd3 27. Rxd3 Qxg2 28. Rxc4 b5 29. Rcc3 b4 30. Rb3 Rf8 0-1

[Event "*** Titled Tuesday Blitz"]
[Site "Chess.com"]
[Date "2021.03.30"]
[Round "1"]
[White "eljanov"]
[Black "Keks2017"]
[Result "1/2-1/2"]
[WhiteElo "2868"]
[BlackElo "2462"]
[TimeControl "180+1"]
[EndTime "10:06:42 PDT"]
[Termination "Game drawn by repetition"]

1. c4 d6 2. d4 e5 3. Nf3 Nd7 4.
Nc3 Ngf6 5. g3 g6 6. Bg2 Bg7 7. O-O O-O 8. e4 exd4 9. Nxd4 Re8 10. Re1 a6 11. a4 Nc5 12. a5 Bd7 13. f3 Ne6 14. Be3 Nxd4 15. Bxd4 Be6 16. b3 c5 17.
Bf2 Ng4 18. Qd2 Nxf2 19. Kxf2 f5 20. Ra2 h5 21. Kg1 h4 22. Ne2 fxe4 23. fxe4 hxg3 24. hxg3 Be5 25. Rf1 Rf8 26. Qh6 Rxf1+ 27. Bxf1 Qf6 28. Nf4 Bf7 29. Rh2 Qg7 30. Qg5 Re8 31. Bg2 Qf6 32. Qh6 Qg7 33. Qg5 Qf6 34. Qh6 Qg7 35. Qg5 1/2-1/2

[Event "*** Titled Tuesday Blitz"]
[Site "Chess.com"]
[Date "2021.03.30"]
[Round "1"]
[White "CheckThis4"]
[Black "Agoking701"]
[Result "1-0"]
[WhiteElo "2617"]
[BlackElo "2318"]
[TimeControl "180+1"]
[EndTime "10:06:42 PDT"]
[Termination "CheckThis4 won by resignation"]

1. e4 c6 2. d4 d5 3. e5 c5 4. Nf3 Nc6 5. c4 e6 6. Nc3 cxd4 7. Nxd4 Bb4 8. Nxc6 bxc6 9. Qa4 Rb8 10. cxd5 exd5 11. Qxc6+ Qd7 12. Qxd7+ Bxd7 13. Bd2 d4 14. Ne4 Bxd2+ 15.
Kxd2 Rxb2+ 16. Kd3 Bf5 17. g4 Bxe4+ 18. Kxe4 Ne7 19.
f4 O-O 20. Bc4 Rd8 21. Rad1 Nc6 22. h4 Kf8 23. h5 h6 24. Rh3 Ke7 25. Rb3 Rxb3 26. axb3 Rb8 27. Bd5 Nb4 28. Bc4 Nc6 29. Ra1 Rb6 30. Ra4 Rb8 31. Ra6 Rc8 32. Bd5 Nb4 33. Rxa7+ Ke8 34. Bxf7+ Kf8 35. Bc4 Rd8 36. Rf7+ Ke8 37. Rxg7 d3 38. Rg8+ Ke7 39. Rxd8 Kxd8 40. Bxd3 1-0

[Event "*** Titled Tuesday Blitz"]
[Site "Chess.com"]
[Date "2021.03.30"]
[Round "1"]
[White "Kapibara_Warri0r"]
[Black "davidkalashian"]
[Result "0-1"]
[WhiteElo "2230"]
[BlackElo "2545"]
[TimeControl "180+1"]
[EndTime "10:06:42 PDT"]
[Termination "davidkalashian won by resignation"]

1. d4 Nf6 2. c4 e6 3. Nc3 Bb4 4. e3 c5 5. Bd2 O-O 6. a3 Bxc3 7. Bxc3 Ne4 8. Qc2 Nxc3 9. bxc3 b6 10. Bd3 h6 11. Ne2 Nc6 12. d5 Na5 13. Nf4 Ba6 14. Rd1 Qg5 15. h4 Qf6 16. g4 Bxc4 17.
Bh7+ Kh8 18. g5 Qe5 19. gxh6 gxh6 20. dxe6 dxe6 21. Rd7 Rad8 22. Bg8 Kxg8 23. Rg1+ Kh8 24. Ng6+ fxg6 25. Qxg6 Qxc3+ 26. Kd1 Rxd7+ 0-1

[Event "*** Titled Tuesday Blitz"]
[Site "Chess.com"]
[Date "2021.03.30"]
[Round "1"]
[White "LenkaPtacnikova"]
[Black "GM_LOADING"]
[Result "0-1"]
[WhiteElo "2170"]
[BlackElo "2514"]
[TimeControl "180+1"]
[EndTime "10:06:43 PDT"]
[Termination "GM_LOADING won on time"]

1. c4 e6 2. Nf3 Nf6 3. g3 a6 4. Bg2 b5 5. Ne5 Ra7 6. d4 Bb7 7. Bxb7 Rxb7 8. b3 c5 9. cxb5 axb5 10. dxc5 Bxc5 11. O-O O-O 12. Bb2 d6 13. Nd3 Ba7 14. Nc3 Nc6 15. Qd2 Qe7 16. Rfc1 Rc8 17. Kg2 d5 18. e3 e5 19. a4 bxa4 20. bxa4 d4 21.
exd4 Nxd4 22. Nb5 Rd8 23. Nxa7 Rxa7 24. Ba3 Qe6 25. Nc5 Qd5+ 26. Kh3 Ne4 27. Nxe4 Qxe4 28. Qe3 Qf5+ 29. g4 Qd7 30. Bc5 Ra6 31. Qxe5 Nf3 32. Qf4 Rf6 33. Qg3 Ng5+ 34. Kg2 Qd5+ 0-1

[Event "*** Titled Tuesday Blitz"]
[Site "Chess.com"]
[Date "2021.03.30"]
[Round "1"]
[White "IMTominho"]
[Black "WPWPWP-2015"]
[Result "1-0"]
[WhiteElo "2861"]
[BlackElo "2449"]
[TimeControl "180+1"]
[EndTime "10:06:45 PDT"]
[Termination "IMTominho won by resignation"]

1. d4 Nf6 2. c4 e6 3. Nf3 d5 4.
Nc3 c6 5. e3 Nbd7 6. Be2 dxc4 7.
a4 Bb4 8. Bxc4 O-O 9. O-O c5 10.
Qe2 cxd4 11. exd4 Nb6 12. Bb3 Nbd5 13. Bd2 Bd6 14. Ne5 b6 15. Rfe1 Bb7 16. Rad1 Rc8 17. Qd3 Nb4 18. Qh3 h6 19. Bxh6 Nbd5 20. Bg5 Be7 21. Bc2 g6 22. Bh6 Re8 23. Nxf7 Qd7 24. Ne5 Qd6 25. Nxg6 Bd8 26. Re5 Nxc3 27. bxc3 Qc6 28.
Bd2 Nh7 29. Rh5 Rc7 30. Ne5 1-0

[Event "*** Titled Tuesday Blitz"]
[Site "Chess.com"]
[Date "2021.03.30"]
[Round "1"]
[White "Keranke"]
[Black "CM_rui"]
[Result "1-0"]
[WhiteElo "2784"]
[BlackElo "2417"]
[TimeControl "180+1"]
[EndTime "10:06:46 PDT"]
[Termination "Keranke won by resignation"]

1. d4 Nf6 2. c4 e6 3. g3 Bb4+ 4. Nd2 O-O 5. Bg2 d5 6. Qc2 c5 7. dxc5 dxc4 8. Qxc4 Na6 9. c6 bxc6 10. Bxc6 Rb8 11. Nf3 Qb6 12. O-O Nc5 13. Ne5 Ba6 14. Qc2 Bxe2 15. Ndc4 Bxc4 16. Qxc4 Rfc8 17. a3 Na6 18.
axb4 Nxb4 19. Be3 Qc7 20. Bxa7 Qxe5 21. Bxb8 Qxb8 22. Ra6 Nxa6 23. Qxa6 h6 24. b4 Rc7 25. Rb1 Ng4 26. h3 Ne5 27. Bg2 Nc4 28. b5 Nb6 29. Qa3 Qc8 30. Bc6 Rxc6 31. bxc6 Qxc6 32. Qa6 Qc2 33.
Qxb6 1-0

[Event "*** Titled Tuesday Blitz"]
[Site "Chess.com"]
[Date "2021.03.30"]
[Round "1"]
[White "NoGalloNoParty"]
[Black "Funo09"]
[Result "0-1"]
[WhiteElo "2406"]
[BlackElo "2752"]
[TimeControl "180+1"]
[EndTime "10:06:46 PDT"]
[Termination "Funo09 won by resignation"]

1. d4 Nf6 2. c4 e6 3. g3 Bb4+ 4. Nd2 c5 5. a3 Bxd2+ 6. Qxd2 cxd4 7. Nf3 Nc6 8. Nxd4 Ne4 9. Nxc6 bxc6 10. Qd4 Nf6 11. c5 O-O 12. Bg2 Ba6 13. Bf3 Re8 14. Bf4 Nd5 15. Bd6 Qg5 16. h4 Qf5 17. Be4 Qh5 18.
Bf3 Qh6 19. O-O Bb5 20. Bf4 Qg6 21. Bd6 f6 22. Qd2 a5 23. b4 axb4 24. axb4 Qf7 25. Rfd1 f5 26. e3 h6 27. h5 Kh7 28. Be5 Qe7 29. Qd4 Qg5 30. Kg2 Rec8 31. Rxa8 Rxa8 32. Ra1 Rxa1 33. Qxa1 Nxb4 34. Qa7 Nd3 35. Bf4 Qe7 36. Qc7 Ne1+ 0-1

[Event "*** Titled Tuesday Blitz"]
[Site "Chess.com"]
[Date "2021.03.30"]
[Round "1"]
[White "ajdemipopushi"]
[Black "Iball95"]
[Result "0-1"]
[WhiteElo "2349"]
[BlackElo "2659"]
[TimeControl "180+1"]
[EndTime "10:06:46 PDT"]
[Termination "Iball95 won by resignation"]

1. Nf3 g6 2. g3 Nf6 3. c3 Bg7 4. c4 O-O 5. d4 c5 6. Bg2 cxd4 7.
Nxd4 Nc6 8. O-O Nxd4 9. Qxd4 d6 10. Qd3 Be6 11. Nc3 Rc8 12. Nd5 Nxd5 13. cxd5 Bf5 14.
e4 Bd7 15. Be3 Qa5 16. a4 a6 17. Bd4 Bxd4 18. Qxd4 Qc5 19. Rfd1 a5 20. Qd2 Qb6 21. Bf1 Rc5 22. Bd3 Rfc8 23. Rdb1 Bh3 24. Bf1 Bxf1 25. Kxf1 Rc2 26. Qe1 R8c4 27. b3 Rxe4 0-1

[Event "*** Titled Tuesday Blitz"]
[Site "Chess.com"]
[Date "2021.03.30"]
[Round "1"]
[White "PawnEatingZombie"]
[Black "Deepweb2020"]
[Result "0-1"]
[WhiteElo "2187"]
[BlackElo "2522"]
[TimeControl "180+1"]
[EndTime "10:06:46 PDT"]
[Termination "Deepweb2020 won on time"]

1. d4 Nf6 2. c4 e6 3. Nc3 Bb4 4. Qc2 d5 5. cxd5 exd5 6. Bf4 c6 7. e3 O-O 8. Bd3 Nbd7 9. Ne2 Re8 10. O-O Nf8 11.
h3 Bd6 12. a3 a5 13. Rab1 Ng6 14. Bxd6 Qxd6 15. b4 Nh4 16. b5 Qxa3 17. bxc6 bxc6 18. Na4 Qd6 19. Rb6 Bd7 20. Rfb1 Ne4 21. Bxe4 dxe4 22. Qc5 Qg6 23. Nf4 Qh6 24. Qh5 Qf6 25. d5 Rac8 26. dxc6 Rxc6 27. Nd5 Qd6 28. Nac3 Ng6 29. Qg5 h6 0-1

[Event "*** Titled Tuesday Blitz"]
[Site "Chess.com"]
[Date "2021.03.30"]
[Round "1"]
[White "Khnykin_Nikolay"]
[Black "ukchessbomber"]
[Result "0-1"]
[WhiteElo "2042"]
[BlackElo "2497"]
[TimeControl "180+1"]
[EndTime "10:06:46 PDT"]
[Termination "ukchessbomber won on time"]

1. d4 Nf6 2. Nf3 g6 3. e3 Bg7 4. b3 O-O 5. Bb2 d5 6. Nc3 c5 7. Be2 Nc6 8. Qd2 cxd4 9. Nxd4 e5 10. Nxc6 bxc6 11. O-O-O d4 12. exd4 exd4 13. Qxd4 Nd5 14. Qc4 Qg5+ 15. Kb1 Ba6 16. Qxa6 Nxc3+ 17. Bxc3 Bxc3 18.
Qc4 Bg7 19. Qxc6 Qe5 20. c3 Qxe2 21. Qf3 Qxf3 22. gxf3 Bxc3 23. Rc1 Bd4 24. Rhf1 Rfe8 25. Rc2 Rac8 26. Rfc1 Rxc2 27. Rxc2 Re1+ 28. Rc1 Rxc1+ 29.
Kxc1 Bxf2 30. a4 Bc5 31. Kc2 Bb4 32. Kd3 a5 33. Kc4 Kg7 34. Kb5 Kf6 35. Kc4 h5 36.
Kd3 Kg5 37. Ke3 f5 38. Kf2 f4 39. Kg2 Kf5 40. Kf2 g5 41. Ke2 g4 42. Kf2 h4 43.
Kg2 h3+ 44. Kf2 Bc5+ 0-1

[Event "*** Titled Tuesday Blitz"]
[Site "Chess.com"]
[Date "2021.03.30"]
[Round "1"]
[White "Trankuilizer"]
[Black "Piccadilly123"]
[Result "1-0"]
[WhiteElo "2603"]
[BlackElo "2304"]
[TimeControl "180+1"]
[EndTime "10:06:47 PDT"]
[Termination "Trankuilizer won on time"]

1. e4 e6 2. d4 d5 3. Nd2 c5 4.
exd5 exd5 5. Ngf3 Nc6 6. Bb5 Bd6 7. dxc5 Bxc5 8. O-O Ne7 9. Nb3 Bb6 10. Bg5 f6 11. Bf4 O-O 12. Re1 Bg4 13. Be2 Ng6 14. Bg3 Qd7 15. h3 Bxh3 16. gxh3 Qxh3 17. Nfd4 f5 18. Bf1 Qh6 19. Ne6 f4 20. Bh2 Rf5 21. Qg4 Rh5 22.
Bh3 Rxh3 23. Ng5 1-0

[Event "*** Titled Tuesday Blitz"]
[Site "Chess.com"]
[Date "2021.03.30"]
[Round "1"]
[White "Reader777"]
[Black "Redzishchess"]
[Result "1-0"]
[WhiteElo "2704"]
[BlackElo "2381"]
[TimeControl "180+1"]
[EndTime "10:06:48 PDT"]
[Termination "Reader777 won by resignation"]

1. d4 Nf6 2. c4 c5 3. d5 e6 4. Nc3 exd5 5. cxd5 d6 6. e4 g6 7. f4 Bg7 8. Nf3 O-O 9. Be2 Re8 10. e5 dxe5 11. fxe5 Ng4 12. e6 fxe6 13. d6 Nc6 14. O-O Nd4 15. Ne4 Nf6 16. Bg5 h6 17.
Nxd4 hxg5 18. Nxf6+ Bxf6 19. Nb5 Rf8 20. Qc2 Kg7 21.
Rad1 Bd7 22. Nc7 Bd4+ 23. Kh1 Rc8 24. Qe4 Rf5 25. Nxe6+ Bxe6 26. Qxe6 Rf6 27. Rxf6 Bxf6 28. Bc4 Qe8 29. Qd5 Qd7 30. Re1 Rh8 31. Re6 Bd4 32.
Re7+ 1-0

[Event "*** Titled Tuesday Blitz"]
[Site "Chess.com"]
[Date "2021.03.30"]
[Round "1"]
[White "Politov_Pavel"]
[Black "Fy_Rakotomaharo"]
[Result "0-1"]
[WhiteElo "2387"]
[BlackElo "2715"]
[TimeControl "180+1"]
[EndTime "10:06:49 PDT"]
[Termination "Fy_Rakotomaharo won by resignation"]

1. d4 Nf6 2. Nf3 g6 3. Bg5 Bg7 4.
Nbd2 O-O 5. c3 d6 6. e4 c5 7.
dxc5 dxc5 8. Bc4 Nc6 9. O-O Nh5 10. Qe2 Qc7 11. Qe3 b6 12. e5 Nxe5 13. Bd5 Rb8 14. Rfe1 e6 15. Be4 Ng4 16. Qe2 h6 17. Bh4 f5 18. Bc2 g5 19. Bg3 f4 20. Nxg5 fxg3 21.
fxg3 e5 22. Nge4 Nhf6 23. Nxf6+ Nxf6 24. Ne4 Nxe4 25. Qxe4 Bf5 26. Qd5+ Kh8 27. Bxf5 Rxf5 28. Re4 Rbf8 29. Rae1 Qf7 30. h3 Qxd5 0-1

[Event "*** Titled Tuesday Blitz"]
[Site "Chess.com"]
[Date "2021.03.30"]
[Round "1"]
[White "FoggyMorning"]
[Black "rachidhuilda"]
[Result "1-0"]
[WhiteElo "2594"]
[BlackElo "2298"]
[TimeControl "180+1"]
[EndTime "10:06:49 PDT"]
[Termination "FoggyMorning won on time"]

1. e4 c5 2. Nf3 e6 3. d4 cxd4 4. Nxd4 a6 5. Nc3 b5 6. a3 Bb7 7. g3 Nc6 8. Bg2 Bc5 9. Nb3 Be7 10. O-O d6 11. f4 h5 12. h3 Qb6+ 13. Kh1 Nf6 14.
Qe2 Rc8 15. Be3 Qc7 16. Rad1 Na5 17. Nxa5 Qxa5 18. Qf2 Qc7 19. Bb6 Qd7 20. Bd4 Qc7 21. e5 Bxg2+ 22. Qxg2 Nd7 23. exd6 Bxd6 24. Bxg7 Rg8 25.
Bd4 h4 26. g4 Bxf4 27. Ne4 Rg6 28. Rf2 Be5 29. Bxe5 Nxe5 30. Nd6+ Ke7 31. Nxc8+ Qxc8 32. Qe4 Nc4 33. Qf4 Qc6+ 34. Kg1 f6 35. Qd4 Nd6 36. Qa7+ Ke8 37. Qb8+ Ke7 38. Rfd2 1-0

[Event "*** Titled Tuesday Blitz"]
[Site "Chess.com"]
[Date "2021.03.30"]
[Round "1"]
[White "Vasily85"]
[Black "TigrVShlyape"]
[Result "0-1"]
[WhiteElo "2419"]
[BlackElo "2793"]
[TimeControl "180+1"]
[EndTime "10:06:50 PDT"]
[Termination "TigrVShlyape won on time"]

1. d4 d5 2. Nc3 Nf6 3. Bf4 a6 4. e3 Bf5 5. f3 e6 6. g4 Bg6 7. h4 h6 8. Bd3 Bxd3 9. Qxd3 c5 10. dxc5 Nc6 11. Nge2 Bxc5 12. O-O-O Nd7 13. e4 Nde5 14. Bxe5 Nxe5 15. Qd2 d4 16. Nxd4 Qxd4 17. Qxd4 Bxd4 18. Rxd4 Nxf3 19. Rdd1 Ke7 20. Ne2 Ne5 21. g5 hxg5 22. hxg5 g6 23. Nf4 Nf3 24. Nd3 Rxh1 25. Rxh1 Nxg5 26.
e5 Nf3 27. Rf1 Nd4 28. Nc5 b6 29. Nd3 Rh8 30. c3 Nc6 31. Kc2 Rh2+ 32. Kb3 Re2 0-1

[Event "*** Titled Tuesday Blitz"]
[Site "Chess.com"]
[Date "2021.03.30"]
[Round "1"]
[White "zacachess"]
[Black "esapunov"]
[Result "0-1"]
[WhiteElo "2395"]
[BlackElo "2726"]
[TimeControl "180+1"]
[EndTime "10:06:50 PDT"]
[Termination "esapunov won by resignation"]

1. e4 c5 2. Nf3 d6 3. d4 cxd4 4. Nxd4 Nf6 5. Nc3 Nc6 6. Bg5 e6 7. Qd2 a6 8. O-O-O h6 9. Nxc6 bxc6 10. Bf4 d5 11. Qe3 Bb4 12. f3 O-O 13. g4 c5 14. g5 d4 15. Qf2 hxg5 16. Bxg5 Bxc3 17.
bxc3 Nxe4 18. fxe4 Qxg5+ 19. Kb1 dxc3 20. Rg1 Qe5 21. Ka1 Bb7 22. Bd3 Rad8 23. Qh4 c4 24. Rg5 cxd3 25. Rxe5 dxc2 26. Rc1 Rd1 27. Qf4 Rfd8 28. Rc5 Rxc1+ 29. Qxc1 Rd1 30. Rxc3 Rxc1+ 31. Kb2 Re1 32. Rxc2 Bxe4 0-1